[Event "Late-Titled-Tuesday-Blitz-March-19-2024"]
[Site "Chess.com"]
[Date "2024.03.19"]
[Round "5"]
[White "rychessmaster1"]
[Black "DrCeltic"]
[Result "0-1"]
[WhiteElo "2743"]
[BlackElo "2592"]
[TimeControl "180+1"]
[EndTime "14:55:59 PDT"]
[Termination "DrCeltic won by resignation"]

1. d4 Nf6 2. c4 c6 3. Nf3 d5 4. Nc3 dxc4 5. a4 Bf5 6. Ne5 e6 7. f3 Bb4 8. e4 Bxe4 9. fxe4 Nxe4 10. Bd2 Qxd4 11. Nxe4 Qxe4+ 12. Qe2 Bxd2+ 13. Kxd2 Qd5+ 14. Kc1 Na6 15. Ra3 O-O 16. Nxc4 Rad8 17. Ne3 Qg5 18. Qg4 Qc5+ 19. Rc3 Qa5 20. Bxa6 Qxa6 21. Rd1 Qb6 22. Kb1 Qc7 23. g3 Rxd1+ 24. Qxd1 Rd8 25. Rd3 Rxd3 26. Qxd3 h6 27. Qd4 b5 28. Qc5 bxa4 29.
Nc4 Qb7 30. Na5 Qd7 31. Qxc6 Qd1+ 32. Ka2 Qd2 33. Qa8+ Kh7 34. Qe4+ g6 35. Qxa4 Qxh2 36. Qf4 Kg7 37. Qe5+ Kg8 38. Nc4 Qc2 39. Ne3 Qa4+ 40. Kb1 h5 41. Qc3 Qe4+ 42. Nc2 h4 43. gxh4 Qxh4 44.
b4 Qe4 45. Kb2 g5 46. Nd4 g4 47. Nc6 Qg2+ 48. Ka3 Qf3 49. Kb3 Qxc3+ 50. Kxc3 g3 51. Ne5 Kg7 52. Nf3 Kg6 53. Kd3 Kf5 54. Ke3 Kg4 55.
Ng1 f5 56. Ne2 e5 57. b5 f4+ 58. Kd2 f3 59. b6 axb6 0-1

[Event "Late-Titled-Tuesday-Blitz-March-19-2024"]
[Site "Chess.com"]
[Date "2024.03.19"]
[Round "5"]
[White "EternalNight8"]
[Black "Kostukov_Alex"]
[Result "0-1"]
[WhiteElo "2463"]
[BlackElo "2286"]
[TimeControl "180+1"]
[EndTime "14:56:02 PDT"]
[Termination "Kostukov_Alex won on time"]

1. d4 g6 2. e4 c5 3. Nc3 cxd4 4.
Qxd4 Nf6 5. e5 Nc6 6. Qf4 Nh5 7.
Qe3 Bg7 8. g4 d5 9. exd6 Bxg4 10.
dxe7 Qxe7 11. Bg2 Nd4 12. Qxe7+ Kxe7 13. Nd5+ Kd6 14. Ne3 Rae8 15. Kf1 Bd7 16. Bd2 Nxc2 17. Rc1 Bb5+ 18. Ne2 Nd4 19. Nc4+ Bxc4 20. Rxc4 Nxe2 21. Bb4+ Kd7 22. Bxb7 Re6 23. Bd5 Re5 24. Bf3 Nef4 25. Bc3 Re7 26. Bxg7 Nxg7 27. Rxf4 Rb8 28. Rd4+ Ke8 29.
Rd2 Nf5 30. h4 Nd4 31. Rxd4 Rxb2 32. Kg2 Rxa2 33. Rhd1 Kf8 34. Rd8+ Kg7 35. R8d7 Rxd7 36. Rxd7 Ra5 37. Bd5 Kh6 38. Bxf7 Ra4 39. Bg8 Rxh4 40.
Rxh7+ Kg5 41. Rxh4 Kxh4 42. Kf3 g5 43. Be6 a5 44. Kg2 g4 45. Bd5 a4 46. Ba2 a3 47.
Bd5 Kg5 48. Kg3 Kf5 49. Ba2 Kg5 50. Bb1 Kh5 51. Ba2 Kg5 52. Bb1 Kh5 53. Kg2 Kh4 54. Kh2 Kh5 55. Kg3 Kg5 0-1

[Event "Late-Titled-Tuesday-Blitz-March-19-2024"]
[Site "Chess.com"]
[Date "2024.03.19"]
[Round "5"]
[White "Rud_Makarian"]
[Black "mbojan"]
[Result "1/2-1/2"]
[WhiteElo "3006"]
[BlackElo "2808"]
[TimeControl "180+1"]
[EndTime "14:56:03 PDT"]
[Termination "Game drawn by repetition"]

1. d4 Nf6 2. c4 g6 3. Nc3 Bg7 4.
e4 d6 5. Be2 Nbd7 6. Nf3 e5 7.
O-O O-O 8. Be3 c6 9. d5 c5 10.
h3 Kh8 11. Kh1 Ng8 12. g4 f5 13. gxf5 gxf5 14. Bg5 Bf6 15. Rg1 f4 16. Kh2 h6 17.
Bxf6+ Ndxf6 18. Nh4 Ne7 19. Bh5 Rg8 20. Bf7 Rg5 21.
Be6 a6 22. Nf5 Nxf5 23. exf5 Qe7 24. Qf3 Bxe6 25. fxe6 Rag8 26. Ne4 Nxe4 27. Qxe4 Rxg1 28. Rxg1 Rxg1 29. Kxg1 Qf6 30. Kf1 Kg7 31. b3 b6 32.
a4 a5 33. Ke2 Qg5 34. Kd3 Qh5 35. Qg2+ Qg6+ 36. Qxg6+ Kxg6 37. Ke4 Kf6 38. h4 h5 39. f3 Kg6 40. Kd3 Kf6 41. Kd2 Kg6 42. Kd1 Kf6 43. Ke1 Kg6 44. Kf1 Kf6 45. Kf2 Kg6 46. Ke2 Kf6 47. Kd1 Ke7 48. Kc1 Kf6 49. Kb2 Ke7 50. Kc2 Kf6 51. Kd3 Ke7 52. Kc3 Kf6 53.
Kd2 Kg6 54. Kd3 Kg7 55. Ke2 Kf6 56. Kf2 Kg6 57. Kf1 Kf6 58. Ke1 Kg6 59. Kd1 Kf6 60.
Kd2 1/2-1/2

[Event "Late-Titled-Tuesday-Blitz-March-19-2024"]
[Site "Chess.com"]
[Date "2024.03.19"]
[Round "5"]
[White "Nicolik"]
[Black "Mops_2004"]
[Result "1-0"]
[WhiteElo "2533"]
[BlackElo "2713"]
[TimeControl "180+1"]
[EndTime "14:56:03 PDT"]
[Termination "Nicolik won on time"]

1. d4 d5 2. c4 e6 3. Nf3 Nf6 4. Nc3 a6 5. cxd5 exd5 6. Bg5 Be6 7. e3 Nbd7 8. h3 Bd6 9. Bd3 c6 10. O-O Qc7 11. Qc1 O-O 12. Re1 h6 13. Bf4 Nb6 14. a4 a5 15. Nb5 cxb5 16. Qxc7 Bxc7 17. Bxc7 Nxa4 18. Bxb5 Nxb2 19. Bxa5 Nc4 20. Bb4 Rfc8 21. Ne5 Nxe5 22. dxe5 Ne4 23. Bf1 g6 24. f3 Ng3 25.
Bd3 Bf5 26. Bb5 Be6 27. Rec1 h5 28. Be7 Rxc1+ 29. Rxc1 Nf5 30. Bg5 h4 31. Bd3 Ra3 32.
Bxf5 gxf5 33. Re1 b5 34. Bxh4 b4 35. Be7 Rb3 36. Kf2 Rb2+ 37. Kg3 b3 38. Rc1 Kh7 39.
Rc7 Rc2 40. Rb7 b2 41. Ba3 d4 42. exd4 f4+ 43. Kxf4 Rxg2 44. Bxb2 Bxh3 45. Rxf7+ Kh6 46. d5 Rxb2 47. e6 Rb4+ 48. Ke5 Rb6 49. f4 Rb5 50.
f5 Kg5 51. Rg7+ Kh6 52. Rd7 Kg5 53. f6 1-0

[Event "Late-Titled-Tuesday-Blitz-March-19-2024"]
[Site "Chess.com"]
[Date "2024.03.19"]
[Round "5"]
[White "Lennis93"]
[Black "steepedgames"]
[Result "0-1"]
[WhiteElo "2715"]
[BlackElo "2536"]
[TimeControl "180+1"]
[EndTime "14:56:07 PDT"]
[Termination "steepedgames won on time"]

1. Nf3 f5 2. Nc3 Nf6 3. d3 d6 4. e4 e5 5. exf5 Bxf5 6. d4 e4 7. Nh4 Bg4 8. Be2 Bxe2 9. Qxe2 d5 10. O-O Bd6 11. Bg5 O-O 12. Nxd5 Bxh2+ 13. Kxh2 Qxd5 14.
Bxf6 Rxf6 15. g3 Nc6 16. c3 g5 17. Ng2 Qf5 18. Qh5 Kh8 19. Ne3 Qf3 20. Qxf3 exf3 21. Rae1 h5 22. Nd5 Rf7 23. Re6 Kg7 24. Rfe1 Raf8 25.
b4 a6 26. a4 g4 27. b5 axb5 28. axb5 Na5 29. R1e5 Rf5 30. Nxc7 Rxe5 31. Rxe5 Rc8 32. b6 Nc4 33. Rxh5 Nxb6 34. Ne6+ Kf6 35. Nc5 Kg6 36.
Re5 Ra8 37. Re6+ Kf5 38. Rxb6 Ra2 39. Nd3 Rd2 40. Rb5+ Kf6 41. Ne5 Rxf2+ 42. Kh1 Rg2 43. Nxg4+ Ke6 44. Re5+ Kd6 45. Rf5 Rxg3 46. Ne5 f2 47. Rxf2 Rxc3 48. Rd2 Kd5 49. Kg2 b5 50.
Kf2 b4 51. Ke2 b3 52. Rd1 b2 53. Nd3 Rc2+ 54. Ke3 Rc3 55. Rb1 Kc4 56. Rd1 Rxd3+ 57. Rxd3 b1=Q 58. d5 Qxd3+ 0-1

[Event "Late-Titled-Tuesday-Blitz-March-19-2024"]
[Site "Chess.com"]
[Date "2024.03.19"]
[Round "5"]
[White "esteban062000"]
[Black "jodarmarlon1985"]
[Result "0-1"]
[WhiteElo "2152"]
[BlackElo "2287"]
[TimeControl "180+1"]
[EndTime "14:56:08 PDT"]
[Termination "jodarmarlon1985 won on time"]

1. e4 e5 2. Nf3 Nc6 3. Bb5 a6 4. Ba4 Nf6 5. d3 d6 6. h3 b5 7. Bb3 Na5 8. O-O Nxb3 9. axb3 Be7 10. Be3 O-O 11. Nbd2 c5 12. Re1 h6 13. Nf1 Re8 14. Ng3 Bf8 15. Qd2 d5 16. exd5 Qxd5 17. Ne2 Bb7 18.
Nc3 Qc6 19. Qe2 Rad8 20. Qf1 Qc8 21. Nd2 b4 22. Na4 Nd5 23. Nc4 Qc6 24. Bd2 f6 25. Na5 Qc7 26. Nxb7 Qxb7 27. Qe2 f5 28. Qh5 f4 29. Rxe5 Rxe5 30. Qxe5 f3 31. g3 Qd7 32. Qh5 Qf7 33. Qxf7+ Kxf7 34. Re1 Bd6 35. Re3 g5 36.
Rxf3+ Kg6 37. Kg2 Re8 38. Kf1 h5 39. c4 g4 40. hxg4 hxg4 41. Re3 Nxe3+ 42. Bxe3 Rd8 43. Bxc5 Kf5 44. d4 Ke4 45. Bb6 Rh8 46. Kg2 Kd3 47.
c5 Bb8 48. c6 Ke4 49. Nc5+ Kd5 50. Nd7 Kxc6 51. Nxb8+ Kxb6 52. Nd7+ Kc6 53. Ne5+ Kd5 54. Nxg4 Kxd4 55. Ne3 a5 56. Kf3 Rf8+ 57. Ke2 Rc8 58. Kd2 Rf8 59. f4 Rh8 60. Ng4 Rh3 0-1

[Event "Late-Titled-Tuesday-Blitz-March-19-2024"]
[Site "Chess.com"]
[Date "2024.03.19"]
[Round "5"]
[White "KorolDimitriy75"]
[Black "bulletteemo"]
[Result "1/2-1/2"]
[WhiteElo "2393"]
[BlackElo "2605"]
[TimeControl "180+1"]
[EndTime "14:56:09 PDT"]
[Termination "Game drawn - insufficient material"]

1. d4 Nf6 2. c4 e6 3. Nc3 Bb4 4. Qc2 d5 5. cxd5 Qxd5 6. e3 O-O 7. Bd2 Bxc3 8. bxc3 b6 9. Nf3 Bb7 10. Be2 c5 11. O-O Nc6 12. Rfd1 Rac8 13. c4 Qd6 14.
Bc3 cxd4 15. exd4 Ne7 16. Ne5 Ng6 17. Qb3 Ne4 18. Bb4 Qc7 19. Bxf8 Rxf8 20. Nxg6 hxg6 21. Bf3 Rc8 22. Rac1 Qe7 23. Qe3 f5 24. Bxe4 Bxe4 25. f3 Bb7 26. Qe5 Kf7 27. Re1 Qf6 28. Qxf6+ gxf6 29. Kf2 f4 30. Rc3 Rh8 31. h3 Rd8 32. Rd1 Rd7 33.
Rd2 g5 34. Ra3 Bc6 35. Rc3 Ke7 36. Ke1 f5 37. Kf2 Rc7 38. Rcd3 Bb7 39. Rc3 Rd7 40. Rcc2 Rc7 41. Ke2 Ba6 42. Kd3 Kd6 43. Rc3 Bb7 44. Re2 Ba6 45. Re5 Rc8 46. a4 Rg8 47. Re2 g4 48.
hxg4 fxg4 49. Ke4 gxf3 50. gxf3 Rf8 51. c5+ bxc5 52. dxc5+ Kc7 53. Rd2 Rf5 54. Rd6 Bb7+ 55. Kd4 Bd5 56. Rc2 Rh5 57. Rf2 Rh1 58. Ke5 Rc1 59. Kxf4 Rxc5 60. Ra6 Kb7 61. Rd6 Rc4+ 62. Ke5 Kc7 63. Rxd5 exd5 64. Kxd5 Rxa4 65. f4 Kd7 66.
f5 Ke7 67. f6+ Kf7 68. Kc6 Ra1 69. Kb7 a5 70. Kb6 a4 71. Ka5 a3 72. Ka4 Kf8 73. Rf3 a2 74. Rf2 Kf7 75. Ka3 Kf8 76. Rxa2 Rxa2+ 77. Kxa2 Kf7 78. Kb3 Kxf6 1/2-1/2

[Event "Late-Titled-Tuesday-Blitz-March-19-2024"]
[Site "Chess.com"]
[Date "2024.03.19"]
[Round "5"]
[White "Yeritsyaan"]
[Black "maciek_92"]
[Result "1/2-1/2"]
[WhiteElo "2673"]
[BlackElo "2887"]
[TimeControl "180+1"]
[EndTime "14:56:15 PDT"]
[Termination "Game drawn by repetition"]

1. e4 c5 2. Nf3 e6 3. Nc3 Nc6 4. Bb5 Be7 5. O-O Qc7 6. Re1 a6 7. Bxc6 Qxc6 8. d4 cxd4 9. Nxd4 Qc7 10. Qf3 b5 11. Bf4 Qc4 12. Rad1 Bb7 13. Nb3 Nf6 14. Na5 Qc8 15. Nxb7 Qxb7 16. Nd5 Bd8 17. Bd6 Rc8 18. Qg3 Nxd5 19. exd5 Bf6 20. c3 Rc4 21. Rd3 h5 22. Qf3 Qb6 23. dxe6 fxe6 24. Re4 Kf7 25. Rxc4 bxc4 26. Rd2 Qb5 27. h3 Rc8 28. a4 Qf5 29.
Qb7 Rd8 30. Bc7 Rf8 31. Rxd7+ Kg8 32. Bb6 Qb1+ 33. Kh2 Be5+ 34. g3 h4 35. Bd4 hxg3+ 36.
Kg2 Bxd4 37. cxd4 Rxf2+ 38. Kxg3 Rf6 39. Rxg7+ Kh8 40. Rg4 Qg1+ 41. Qg2 Qe3+ 42. Kh2 Kh7 43. Rg7+ Kh6 44. Rg4 Kh7 45. Rg7+ Kh6 46. Rg4 Qf2 47. Rg6+ Kh7 48. Rg7+ Kh8 49. Rg8+ Kh7 50. Rg7+ Kh6 51. Rg6+ Kh5 52. Rg5+ Kh4 53. Rg4+ Kh5 54.
Rg5+ Kh6 55. Rg6+ 1/2-1/2

[Event "Late-Titled-Tuesday-Blitz-March-19-2024"]
[Site "Chess.com"]
[Date "2024.03.19"]
[Round "5"]
[White "Grischuk"]
[Black "DamianoLew95"]
[Result "1/2-1/2"]
[WhiteElo "3038"]
[BlackElo "2738"]
[TimeControl "180+1"]
[EndTime "14:56:17 PDT"]
[Termination "Game drawn - insufficient material"]

1. d4 Nf6 2. c4 e6 3. Bg5 Bb4+ 4. Nd2 c5 5. a3 Bxd2+ 6. Qxd2 cxd4 7. Nf3 Ne4 8. Bxd8 Nxd2 9. Kxd2 Kxd8 10. Nxd4 b6 11. h4 Ke7 12. h5 h6 13. Rh3 Bb7 14. Rg3 Rg8 15. e3 Nc6 16. Rc1 Rac8 17. b4 d6 18. f4 Nxd4 19. exd4 g6 20. hxg6 Rxg6 21. Rxg6 fxg6 22.
Bd3 g5 23. fxg5 hxg5 24. Rh1 Bxg2 25. Rg1 Bc6 26. Rxg5 Rf8 27. b5 Be8 28. a4 Kf6 29.
Rg1 Rh8 30. Rg3 e5 31. Kc3 Rh4 32. dxe5+ dxe5 33. Rf3+ Ke7 34. Re3 Kd6 35. Kb4 Bf7 36. Be4 Ke7 37. Kc3 Kd6 38. Bd3 Be6 39. Kb4 Bc8 40. a5 bxa5+ 41. Kxa5 Rh1 42. Kb4 Be6 43.
c5+ Kd5 44. Bc4+ Kd4 45. Rd3+ Ke4 46. Rb3 Bxc4 47. Kxc4 Rc1+ 48. Kb4 Kd4 49. c6 e4 50. Ka5 e3 51. Rb2 Kd3 52. Ka6 Ra1+ 53. Kb7 e2 54. Rxe2 Kxe2 55. c7 Rc1 56. c8=Q Rxc8 57. Kxc8 Kd3 58. Kb7 Kc4 59. Ka6 Kc5 60. Ka5 Kc4 61.
Ka4 Kc5 62. Ka5 Kc4 63. Ka6 Kc5 64. Kxa7 Kxb5 1/2-1/2

[Event "Late-Titled-Tuesday-Blitz-March-19-2024"]
[Site "Chess.com"]
[Date "2024.03.19"]
[Round "5"]
[White "AlexTruskavetsky"]
[Black "Zhigalko_Sergei"]
[Result "0-1"]
[WhiteElo "2656"]
[BlackElo "2878"]
[TimeControl "180+1"]
[EndTime "14:56:19 PDT"]
[Termination "Zhigalko_Sergei won by resignation"]

1. d4 b5 2. e4 Bb7 3. Bd3 e6 4. Nf3 c5 5. dxc5 Bxc5 6. O-O a6 7. a3 Ne7 8. b4 Bb6 9. Bb2 O-O 10. Nbd2 Nbc6 11. c4 bxc4 12. Nxc4 Bc7 13. Ne3 Ng6 14.
Rc1 Qe7 15. Bb1 Rfd8 16. Qb3 Rac8 17. Rfd1 Nf4 18. Rd2 h6 19. g3 Ng6 20. Rcd1 Nge5 21.
Ne1 Bb6 22. h3 Qg5 23. N3g2 Qe7 24. Kh2 d5 25. exd5 exd5 26. Rxd5 Rxd5 27. Rxd5 Bxf2 28.
Qc2 Qf6 29. Nd3 Bxg3+ 30. Kxg3 Qf3+ 31. Kh2 Qxd5 32. Ndf4 Qd6 33. Qh7+ Kf8 34. Qh8+ Ke7 35. Qxg7 Re8 36. Ne3 Kd7 37. Bf5+ Kc7 38. Ned5+ Kb8 39.
Qg1 Rf8 40. Qe3 Re8 41. Kg2 Rg8+ 42. Kf2 Nc4 43. Qc3 Nxb2 44. Qxb2 Ne5 45. Qd4 Rd8 46. Be4 f5 47. Bg2 Ng6 48. Nxg6 Qxg6 49. Qf4+ Qd6 50. Qxd6+ Rxd6 51. Nf4 Rd2+ 52. Kg3 Bxg2 53. Nxg2 Ra2 54.
Nh4 Rxa3+ 55. Kg2 f4 56. Nf5 h5 57. h4 Rb3 58. Nd4 Rb2+ 59. Kf3 Kb7 60. Ne6 Rxb4 61.
Ng7 a5 62. Nxh5 a4 63. Nf6 a3 64. Nd5 Rb3+ 65. Kxf4 a2 66. h5 a1=Q 0-1

[Event "Late-Titled-Tuesday-Blitz-March-19-2024"]
[Site "Chess.com"]
[Date "2024.03.19"]
[Round "5"]
[White "Tugrik1969"]
[Black "katharinareinecke"]
[Result "1-0"]
[WhiteElo "2397"]
[BlackElo "1989"]
[TimeControl "180+1"]
[EndTime "14:56:19 PDT"]
[Termination "Tugrik1969 won on time"]

1. d4 d5 2. c4 c6 3. Nf3 Nf6 4. Nc3 e6 5. g3 Be7 6. Bg2 O-O 7.
O-O a6 8. Qd3 b5 9. c5 Re8 10.
e4 g6 11. e5 Nh5 12. g4 Ng7 13. Bd2 a5 14. Ne2 Ba6 15. Qe3 b4 16. Rfe1 Nd7 17.
Ng3 Qc7 18. a3 Reb8 19. h4 bxa3 20. Rxa3 Bc4 21. b3 Bb5 22. Rea1 a4 23. bxa4 Bc4 24.
h5 Rb2 25. Bc3 Rb7 26. Nd2 Ba6 27. h6 Ne8 28. f4 Rab8 29. f5 exf5 30. gxf5 Bh4 31.
Qf4 Bxg3 32. Qxg3 Qd8 33. Bf1 Nf8 34. Bxa6 Ra7 35. Bd3 Kh8 36. Rf1 gxf5 37. Bxf5 Ng6 38.
e6 fxe6 39. Bxg6 hxg6 40. Qxg6 Qe7 41. Ne4 Qh7 42. Qxh7+ Kxh7 43. Ng5+ Kxh6 44. Nxe6 Ng7 45. Rf6+ Kh7 46. Kf2 Ne8 47. Rf3 Ng7 48. Ng5+ Kg6 49. Nh3 Nf5 50. Nf4+ Kf6 51. Nh5+ Kg5 52. Ng3 Nxg3 53.
Rxg3+ Kh4 54. Be1 Rb2+ 55. Kg1 1-0

[Event "Late-Titled-Tuesday-Blitz-March-19-2024"]
[Site "Chess.com"]
[Date "2024.03.19"]
[Round "5"]
[White "Sandstad"]
[Black "I-Mesquita"]
[Result "1/2-1/2"]
[WhiteElo "2511"]
[BlackElo "2713"]
[TimeControl "180+1"]
[EndTime "14:56:23 PDT"]
[Termination "Game drawn - insufficient material"]

1. d4 d5 2. c4 e6 3. Nf3 Nf6 4. Nc3 Bb4 5. Bg5 h6 6. Bh4 g5 7. Bg3 Ne4 8. Rc1 c5 9. e3 Qa5 10. Qc2 Qxa2 11. Bd3 cxd4 12. Nxd4 Bxc3+ 13. bxc3 Qxc2 14. Rxc2 a6 15. cxd5 exd5 16. c4 Nc5 17. cxd5 Nxd3+ 18.
Kd2 O-O 19. Kxd3 Nd7 20. e4 Re8 21. Rhc1 b6 22. Bd6 a5 23. Nf5 Ne5+ 24. Bxe5 Bxf5 25.
exf5 Rxe5 26. Rc8+ Re8 27. R8c6 Red8 28. Kd4 a4 29.
Rxb6 a3 30. Ra1 Ra4+ 31. Kc5 Ra5+ 32. Rb5 Rxd5+ 33. Kxd5 Rxb5+ 34. Kc4 Rxf5 35. f3 Ra5 36. Kb4 Re5 37. Ra2 Re3 38. h3 Kg7 39. Rxa3 Re2 40.
g4 Rh2 41. Kc4 Rxh3 42. Kd4 Kg6 43. Ke4 f6 44. Ra7 h5 45. gxh5+ Rxh5 46. Ke3 Rh4 47. Kf2 Rb4 48. Kg3 Kf5 49. Ra5+ Kg6 50. Rc5 f5 51.
Rc6+ Kh5 52. Ra6 f4+ 53. Kg2 Rb2+ 54. Kg1 Kh4 55. Ra5 Rc2 56. Rb5 Kg3 57. Rxg5+ Kxf3 58. Ra5 Rc1+ 59. Kh2 Kf2 60. Ra2+ Ke3 61. Ra3+ Ke2 62.
Ra2+ Kf1 63. Rb2 f3 64. Kg3 Rc3 65. Rf2+ Ke1 66. Rxf3 Rxf3+ 67. Kxf3 1/2-1/2

[Event "Late-Titled-Tuesday-Blitz-March-19-2024"]
[Site "Chess.com"]
[Date "2024.03.19"]
[Round "5"]
[White "David_ATM"]
[Black "malakismayil"]
[Result "0-1"]
[WhiteElo "2323"]
[BlackElo "2517"]
[TimeControl "180+1"]
[EndTime "14:56:23 PDT"]
[Termination "malakismayil won by checkmate"]

1. e4 e5 2. Nf3 Nc6 3. Bb5 a6 4. Ba4 Nf6 5. O-O b5 6. Bb3 Be7 7. Re1 O-O 8. h3 d6 9. c3 h6 10. d4 Re8 11. Nbd2 Bf8 12. Nf1 Qe7 13. Ng3 g6 14. a4 Bb7 15. Qe2 Na5 16. Bc2 Qd7 17. Rd1 exd4 18. cxd4 Bg7 19. Bd3 b4 20. Bc2 Qe7 21. Re1 c5 22. Bd2 Nc6 23. Be3 Rac8 24. Rad1 Nb8 25. d5 Nbd7 26. b3 Ne5 27. Nxe5 Qxe5 28.
Qd3 g5 29. Bc1 Rcd8 30. Nf1 Nh5 31. Bb1 Qc3 32. Qxc3 Bxc3 33. Re2 a5 34. Bd3 Nf4 35. Bxf4 gxf4 36. f3 f5 37. Nd2 Re5 38. Nc4 Re7 39. Kf1 Ba6 40. Rc1 Bxc4 41. Bxc4 fxe4 42. fxe4 Rde8 43.
Bd3 Kg7 44. Rcc2 Re5 45. Kf2 Kg6 46. Kf3 Kg5 47. Rf2 Bd4 48. Rf1 Rf8 49. Re2 Kf6 50. Rh1 Rg5 51. g4 fxg3 52. Kg2 Ke5 53. Rd2 Rf2+ 54.
Rxf2 gxf2+ 55. Kf1 Rg3 56. Bc4 Kxe4 57. Ke2 Rg1 58.
Rh2 f1=Q+ 59. Kd2 Qc1+ 60. Ke2 Qe3# 0-1

[Event "Late-Titled-Tuesday-Blitz-March-19-2024"]
[Site "Chess.com"]
[Date "2024.03.19"]
[Round "5"]
[White "PedroGil25"]
[Black "Jagerrmeisterr"]
[Result "0-1"]
[WhiteElo "2481"]
[BlackElo "2764"]
[TimeControl "180+1"]
[EndTime "14:56:25 PDT"]
[Termination "Jagerrmeisterr won by resignation"]

1. e4 c6 2. Nc3 d5 3. Nf3 dxe4 4. Nxe4 Nf6 5. Qe2 Bg4 6. h3 Bxf3 7. Qxf3 Nxe4 8.
Qxe4 Qd5 9. Bd3 Nd7 10. O-O Qxe4 11. Bxe4 Nf6 12. Bf3 O-O-O 13. d3 e5 14. Bg5 Bd6 15. Rfe1 Kc7 16. Rad1 h6 17. Bxf6 gxf6 18. Be4 h5 19. h4 Bc5 20. g3 b5 21. Kg2 a5 22.
c3 Kb6 23. a3 b4 24. cxb4 axb4 25. a4 Bd4 26. Rc1 c5 27. b3 Bc3 28. Rf1 Rd6 29.
Kf3 Rhd8 30. Ke2 c4 31. bxc4 Kc5 32. Rfd1 Ra6 33. Bf3 Rxa4 34. Bxh5 Ra2+ 35. Kf1 Bd4 36. Be2 b3 37. h5 b2 38. Rb1 Kb4 39. Kg2 Kc3 40.
Rh1 Kd2 41. Bg4 Ra1 42. h6 Rxb1 43. Rxb1 Kc2 44. Rh1 b1=Q 45. Rxb1 Kxb1 46. h7 f5 47. Bxf5 e4 48. Bxe4 Kb2 49. f4 Kb3 50. g4 Kb4 51. g5 Kc5 52. Kf3 Kd6 53. Kg4 Bg7 54. f5 f6 55. d4 fxg5 56. c5+ Ke7 57. d5 Bd4 58. c6 Bf6 59. Kh5 g4 60. Kxg4 Be5 61. Kg5 Kf7 62. Bf3 Kg7 63. Be4 Kxh7 64. f6+ Kg8 65. Kf5 Bc7 66. Ke6 Kf8 67. Bg6 Rd6+ 68. Ke5 Rxc6+ 69.
Kf5 Rd6 70. Ke5 Ra6+ 71. Kf5 Bd8 72. f7 Rf6+ 0-1

[Event "Late-Titled-Tuesday-Blitz-March-19-2024"]
[Site "Chess.com"]
[Date "2024.03.19"]
[Round "5"]
[White "Vse_po_kaify"]
[Black "Viktor_Poddubnyi"]
[Result "1-0"]
[WhiteElo "2482"]
[BlackElo "2282"]
[TimeControl "180+1"]
[EndTime "14:56:26 PDT"]
[Termination "Vse_po_kaify won on time"]

1. Nf3 g6 2. d4 Bg7 3. e4 d6 4.
Nc3 Nf6 5. Be3 a6 6. h3 b5 7. e5 Nfd7 8. Qd2 dxe5 9. Bh6 O-O 10. Bxg7 Kxg7 11. dxe5 Nc5 12. Qe3 Ne6 13. Rd1 Qe8 14. h4 h6 15. h5 g5 16. Bd3 Bb7 17. Bf5 Nd7 18. Bxe6 fxe6 19. Nxg5 hxg5 20. Qxg5+ Kh7 21. Qg6+ Qxg6 22. hxg6+ Kxg6 23. Rxd7 b4 24. Rxc7 Bxg2 25. Rg1 bxc3 26. Rxg2+ Kf5 27. Rxc3 Kxe5 28. Rg7 Ra7 29. Re3+ Kf6 30. Rh7 Rc8 31. Rh6+ Kf7 32. c3 Rc6 33. f4 Rb7 34. b3 Rb5 35. Ke2 Ra5 36. a4 Rf5 37.
Kf3 a5 38. Rh7+ Kf6 39. Rh8 e5 40. Rh4 exf4 41. Rxf4 e5 42. Rxf5+ Kxf5 43. c4 Rb6 44. Ke2 Rh6 45. Kd2 Kf4 46. Re1 e4 47. Kc3 Rd6 48. c5 Rd8 49. Kc4 e3 50. c6 Kf3 51. Kc5 Kf2 52.
Rxe3 Kxe3 53. c7 Rc8 54. Kc6 Kd4 55. Kb7 Rxc7+ 56. Kxc7 Kc5 57. Kb7 Kb4 58. Ka6 Kxb3 59. Kxa5 Kc4 60. Kb6 1-0

[Event "Late-Titled-Tuesday-Blitz-March-19-2024"]
[Site "Chess.com"]
[Date "2024.03.19"]
[Round "5"]
[White "ACollins05"]
[Black "Smiechu"]
[Result "1/2-1/2"]
[WhiteElo "2551"]
[BlackElo "2430"]
[TimeControl "180+1"]
[EndTime "14:56:29 PDT"]
[Termination "Game drawn by repetition"]

1. Nf3 Nf6 2. e3 c5 3. b3 g6 4. Bb2 Bg7 5. Be2 O-O 6. O-O Nc6 7. d4 cxd4 8. Nxd4 d6 9. Nd2 Bd7 10. c4 Rc8 11. Bf3 a6 12. Rc1 Nxd4 13. Bxd4 Bc6 14. Qc2 Qd7 15. Qb2 e5 16. Bc3 b5 17. Bxc6 Qxc6 18.
cxb5 Qxb5 19. Nc4 Rfd8 20. Rfd1 Ne4 21. Ba5 Rd7 22. Nb6 Rxc1 23. Rxc1 Rd8 24. b4 Nc5 25. Nd5 Nd3 26. Qd2 Nxc1 27. Bxd8 Ne2+ 28. Kh1 Nf4 29. Ne7+ Kf8 30. Kg1 Ne6 31. Qxd6 Qc4 32. Nd5+ Kg8 33. h4 Bf8 34. Be7 Qxh4 35. Bxf8 Nxf8 36. Qxe5 Nd7 37. Qe8+ Nf8 38. Qe5 Nd7 39. Qf4 Qxf4 40. Nxf4 f5 41. Nd5 Kf7 42. Nc7 Nb8 43. Kf1 Ke7 44.
Ke2 Kd6 45. Ne8+ Kd5 46. Nf6+ Kc4 47. Nxh7 Kxb4 48. Nf8 g5 49. Ne6 Ka3 50. Nxg5 Kxa2 51. Ne6 a5 52. Nc5 Ka3 53. Kf3 Kb4 54. Nd3+ Kb3 55. Kf4 Kc4 56. Nc1 a4 57. Kxf5 a3 58. g4 Kc3 59. g5 Nc6 60. g6 Ne7+ 61. Kf6 Nxg6 62. Kxg6 Kb2 63. Nd3+ Kc3 64. Nc1 Kc2 65. Na2 Kb2 66. Nb4 Kb3 67. Nd3 Kc3 68. Nc1 1/2-1/2

[Event "Late-Titled-Tuesday-Blitz-March-19-2024"]
[Site "Chess.com"]
[Date "2024.03.19"]
[Round "5"]
[White "Sacbutt"]
[Black "Sinquefield"]
[Result "0-1"]
[WhiteElo "2324"]
[BlackElo "2520"]
[TimeControl "180+1"]
[EndTime "14:56:30 PDT"]
[Termination "Sinquefield won by resignation"]

1. e4 d6 2. d4 Nf6 3. Nc3 Nbd7 4. Nf3 e5 5. h3 Be7 6. Be3 O-O 7. Be2 c6 8. O-O b5 9. a3 a6 10. Qd2 Bb7 11.
Rad1 Qc7 12. Rfe1 Rad8 13. Bf1 Rfe8 14. Qc1 Bf8 15. Bg5 h6 16. Be3 d5 17. exd5 exd4 18.
Nxd4 cxd5 19. Bf4 Qb6 20. Nce2 Ne4 21. c3 Ne5 22. f3 Nc5 23. Bxe5 Rxe5 24. Kh1 Bd6 25.
Nf4 Rxe1 26. Rxe1 Bb8 27. Nd3 Nxd3 28. Bxd3 Qd6 29. f4 Qxf4 30. Qxf4 Bxf4 31. Re7 Bc8 32. Kg1 Bd6 33. Re2 Bc5 34. Kf1 Kf8 35. Nf5 Bxf5 36. Bxf5 g6 37. Bd3 d4 38. cxd4 Bxd4 39. Be4 Rc8 40.
Rc2 Rxc2 41. Bxc2 Bxb2 42. a4 b4 43. Ke2 a5 44. Bb3 f5 45. g4 fxg4 46. hxg4 h5 47.
gxh5 gxh5 48. Kf3 Kg7 49. Kf4 Kh6 50. Bc4 Bf6 51. Bb3 Bg5+ 52. Kf5 Bd8 53. Kf4 Kg6 54. Bc2+ Kf6 55. Bb3 Bc7+ 56. Ke4 Kg5 57. Kf3 h4 58.
Be6 Kf6 59. Bb3 Ke5 60. Kg4 Bd8 61. Kf3 Kd4 62. Kg4 Kc3 63. Bd5 b3 64. Be4 Kd2 65.
Bf5 Kc1 66. Bg6 b2 67. Be4 b1=Q 68. Bxb1 Kxb1 0-1

[Event "Late-Titled-Tuesday-Blitz-March-19-2024"]
[Site "Chess.com"]
[Date "2024.03.19"]
[Round "5"]
[White "norwaytoadog"]
[Black "mightysmasher"]
[Result "1-0"]
[WhiteElo "2370"]
[BlackElo "2584"]
[TimeControl "180+1"]
[EndTime "14:56:32 PDT"]
[Termination "norwaytoadog won by checkmate"]

1. e4 e6 2. d4 d5 3. Nc3 dxe4 4.
Nxe4 Nd7 5. Nf3 Ngf6 6. Bd3 Nxe4 7. Bxe4 Nf6 8. Bg5 Be7 9. Bd3 h6 10. Bh4 O-O 11. Qe2 a5 12. O-O Rb8 13. Rad1 b6 14.
Ne5 Bb7 15. Bxf6 Bxf6 16. Be4 Bxe5 17. dxe5 Qe7 18. Bxb7 Rxb7 19. Qe4 Rbb8 20. Rd4 Rfd8 21. Rfd1 Rxd4 22. Qxd4 Qg5 23. h4 Qf5 24. Rd3 Rf8 25. c4 c5 26. Qe3 Qg4 27. g3 Qxc4 28. b3 Qb5 29. a4 Qc6 30. Rd6 Qc7 31. h5 Rd8 32. Qd3 Rxd6 33. exd6 Qd7 34. g4 e5 35. f3 Kf8 36. Qd5 f6 37. Kg2 Qd8 38. Qc6 Kf7 39.
Qc7+ Ke8 40. Qxg7 Qxd6 41. Qxh6 Kf7 42. Qh7+ Kf8 43. h6 Qd2+ 44. Kh3 Qf4 45. Qg6 Qxf3+ 46.
Kh4 Qf4 47. Kh3 e4 48. Qg7+ Ke8 49. h7 Qe3+ 50. Kh4 Qf2+ 51. Kh5 Qh2+ 52. Kg6 e3 53. h8=Q+ Qxh8 54. Qxh8+ Ke7 55. Qxf6+ Kd7 56. Qf5+ Kc7 57.
Qe5+ Kc6 58. Qxe3 Kd5 59. Qd3+ Ke5 60. g5 Ke6 61. Qf5+ Kd6 62. Kf7 c4 63. bxc4 b5 64. g6 bxc4 65. g7 c3 66. g8=Q c2 67.
Qd8+ Kc6 68. Qfd5# 1-0

[Event "Late-Titled-Tuesday-Blitz-March-19-2024"]
[Site "Chess.com"]
[Date "2024.03.19"]
[Round "5"]
[White "aistrel"]
[Black "Cambek64"]
[Result "1-0"]
[WhiteElo "2648"]
[BlackElo "2499"]
[TimeControl "180+1"]
[EndTime "14:56:35 PDT"]
[Termination "aistrel won on time"]

1. e4 e6 2. Nc3 d5 3. d4 Nc6 4. Nf3 Nf6 5. e5 Ne4 6. Bb5 Bb4 7.
O-O Nxc3 8. bxc3 Bxc3 9. Ba3 Bd7 10. Bxc6 Bxc6 11. Rb1 Ba5 12. Qc1 h6 13. Qf4 Qd7 14.
Ne1 O-O-O 15. Nd3 Bb6 16. Rb2 Bb5 17. Qe3 Kb8 18. Rfb1 Bxd3 19. Qxd3 Ka8 20. Bb4 Rc8 21. a4 Qxa4 22. Bc5 Bxc5 23. dxc5 a6 24. Rb4 Qc6 25.
Rxb7 Qxb7 26. Rxb7 Kxb7 27. c6+ Kxc6 28. Qxa6+ Kd7 29.
Qb5+ c6 30. Qc5 Rhd8 31. f4 Ke8 32. g4 g6 33. h4 h5 34. f5 hxg4 35. f6 Rd7 36. Qe3 c5 37. Qh6 Kd8 38. h5 gxh5 39. Qxh5 Kc7 40. Qxg4 d4 41. Qe2 Kb8 42. Qb5+ Rb7 43.
Qa5 c4 44. Kf2 d3 45. cxd3 cxd3 46. Ke3 Rb3 47. Qa4 Rb7 48. Kxd3 Rc5 49. Qe4 Rd5+ 50. Kc2 Rbd7 51. Qh7 Kc7 52. Qh5 Kb7 53. Kc3 Rc5+ 54. Kb3 Rdc7 55. Kb4 R5c6 56. Kb3 Rb6+ 57. Ka4 Kc6 58.
Qf3+ Kd7 59. Qd1+ Kc8 60. Ka5 Rb2 61. Qd4 Rb1 62. Ka6 Kb8 63. Qd8+ Rc8 64. Qd6+ Ka8 65. Qd7 1-0